 Dungeon Crawl Stone Soup version 0.30-a0-959-g3818848631 (console) character file.

Game seed: 7635281303986108773

3411 Ignak the Trooper (level 10, -8/102 HPs)
             Began as an Ogre Hedge Wizard on Mar 30, 2023.
             Was a Follower of Elyvilon.
             Mangled by a manticore (9 damage)
             ... on level 8 of the Dungeon.
             The game lasted 00:31:38 (9491 turns).

Ignak the Trooper (Ogre Hedge Wizard)               Turns: 9491, Time: 00:31:39

Health: -8/102     AC:  6    Str: 18    XL:     10   Next: 4%
Magic:  17/20      EV: 10    Int: 23    God:    Elyvilon [*.....]
Gold:   338        SH:  0    Dex:  8    Spells: 10/22 levels left

rFire   . . .      SeeInvis .    a - +3 war axe (elec)
rCold   + . .      Faith    .    (no shield)
rNeg    . . .      Spirit   .    i - +0 steam dragon scales
rPois   .          Reflect  .    c - +0 hat
rElec   .          Rampage  .    (no cloak)
rCorr   .                        (gloves unavailable)
Will    +....                    (boots unavailable)
Stlth   +                        (no amulet)
HPRegen 0.37/turn                z - +6 ring of intelligence
MPRegen 0.17/turn                o - ring of protection from cold

@: no status effects
A: large, unfitting armour, tough skin 1
a: Renounce Religion, Purification


You were on level 8 of the Dungeon.
You worshipped Elyvilon.
Elyvilon was aware of your devotion.
You visited 2 branches of the dungeon, and saw 9 of its levels.

You collected 538 gold pieces.
You spent 200 gold pieces at shops.

Inventory:

Hand Weapons
 a - a +3 war axe of electrocution (weapon)
 b - a +1 dire flail of holy wrath
Missiles
 k - a throwing net
 q - 2 poisoned darts (quivered)
Armour
 c - a +0 hat (worn)
 i - +0 steam dragon scales (worn)
Jewellery
 d - an amulet of faith
 o - a ring of protection from cold (right hand)
 z - a +6 ring of intelligence (left hand)
Wands
 t - a wand of charming (11)
 w - a wand of mindburst (21)
 y - a wand of roots (4)
Scrolls
 e - 3 scrolls of teleportation
 f - 2 scrolls of fog
 h - a scroll of butterflies
 l - 2 scrolls of enchant armour {unknown}
 n - 3 scrolls of fear {unknown}
 p - a scroll of amnesia
 u - 4 scrolls of poison
 B - a scroll of vulnerability
 C - a scroll of enchant weapon {unknown}
Potions
 g - 2 potions of mutation {unknown}
 j - 2 potions of heal wounds
 m - a potion of might {unknown}
 r - 2 potions of curing
 s - a potion of lignification
 v - a potion of berserk rage {unknown}
 x - a potion of ambrosia {unknown}
 A - a potion of magic
 D - 2 potions of flight {unknown}


   Skills:
 + Level 7.0 Fighting
 + Level 4.8 Axes
 + Level 1.1 Armour
 + Level 5.2 Dodging
 - Level 1.4 Stealth
 + Level 6.8 Spellcasting
 - Level 3.0 Conjurations
 * Level 1.5 Summonings
 + Level 3.1 Translocations
 - Level 2.0 Air Magic
 - Level 6.0 Poison Magic


You had 10 spell levels left.
You knew the following spells:

 Your Spells              Type           Power      Damage    Failure   Level
a - Magic Dart            Conj           84%        1d7       2%          1
b - Blink                 Tloc           44%        N/A       3%          2
d - Mephitic Cloud        Conj/Pois/Air  24%        N/A       5%          3
e - Call Imp              Summ           15%        N/A       6%          2
z - Olgreb's Toxic Radia  Pois           35%        N/A       7%          4

Your spell library contained the following spells:

 Spells                   Type           Power      Damage    Failure   Level
 Sting                    Tmut/Pois      84%        1d7       2%          1
 Poisonous Vapours        Pois/Air       52%        N/A       2%          2
 Cigotuvi's Dreadful Rot  Necr/Pois/Air  40%        N/A       4%          2
 Slow                     Hex            28%        N/A       8%          1
 Dazzling Flash           Conj/Hex       28%        N/A       13%         3
 Iskenderun's Mystic Bla  Conj/Tloc      21%        2d6       22%         4
 Passage of Golubria      Tloc           22%        N/A       22%         4
 Ozocubu's Armour         Ice            7%         N/A       24%         3
 Tukima's Dance           Hex            7%         N/A       24%         3
 Summon Forest            Summ/Tloc      9%         N/A       63%         5
 Summon Mana Viper        Hex/Summ       11%        N/A       85%         5
 Metabolic Englaciation   Hex/Ice        3%         N/A       91%         5
 Yara's Violent Unravell  Hex/Tmut       3%         3d4       91%         5
 Summon Cactus Giant      Summ           7%         N/A       99%         6
 Simulacrum               Ice/Necr       3%         N/A       100%        6
 Starburst                Conj/Fire      7%         6d4       100%        6


Dungeon Overview and Level Annotations

Branches:
Dungeon (8/15)             Temple (1/1) D:5            Lair (0/5) D:8

Altars:
Cheibriados
Dithmenos
Elyvilon
Gozag
Kikubaaqudgha
Makhleb
Nemelex Xobeh
Qazlal
Sif Muna
Trog
Uskayaw
Vehumet
Wu Jian
Xom
Yredelemnul
Zin

Shops:
D:1 :?

Annotations:
D:8 Psyche; Querens's ghost, novice FoFi


Innate Abilities, Weirdness & Mutations

You are too large for most types of armour.
You have tough skin. (AC +1)


Message History

The ice beast hits you but does no damage.
You hit the ice beast.
Lightning courses through the ice beast!!
You kill the ice beast!
Your Fighting skill increases to level 7!
You start resting.
HP restored.
There is a stone staircase leading down here.
You climb downwards.
Level annotation: Psyche; Querens's ghost, novice FoFi
There is a stone staircase leading up here.
You barely miss the manticore. The manticore bites you!!
The manticore claws you. The manticore claws you! The manticore bites you!!
The manticore claws you but does no damage.
The manticore barely misses you.
You slash the manticore!
Lightning courses through the manticore!
Your punch misses the manticore.
The manticore is severely wounded.
The manticore bites you. The manticore barely misses you. x2
You barely miss the manticore.
The manticore is severely wounded.
The manticore bites you!
* * * LOW HITPOINT WARNING * * *
The manticore closely misses you. The manticore claws you.
* * * LOW HITPOINT WARNING * * *
Casting: Blink (safe; 3% risk of failure)
Confirm with . or Enter, or press ? or * to list all spells.
Aiming: Mephitic Cloud (mildly dangerous; 5% risk of failure)
Press: ? - help, Shift-Dir - straight line The ball explodes into a vile cloud!
The stinking cloud engulfs the manticore but does no damage.
The manticore is severely wounded.
The manticore is engulfed in noxious fumes.
The manticore bites you!!
* * * LOW HITPOINT WARNING * * *
The manticore claws you. Elyvilon protects you from harm!
The manticore claws you!
You die...

##.##.##.#####........#.
#...#.#...#.............
#..##.##.###.###........
..##...#.##..###........
####.P.#...............#
.###...#..............##
...##.##...............#
...............<.☼☼§....
.#..............@H......
##......................
.<........#.............
..Y.......#.............
.......................#
..............####.....#
..........##... ..####
.......... #.. ...
.....)..# #


You could see a manticore.

Vanquished Creatures
  Prince Ribbit (D:8)
  A wyvern (D:6)
  4 yaks
  2 steam dragons
  An ice beast (D:7)
  A water moccasin (D:8)
  A sky beast (D:7)
  An orc warrior (D:8)
  4 ogres
  A black bear (D:6)
  3 centaurs
  A kobold brigand (D:8)
  A bullfrog (D:8)
  2 scorpions
  3 howler monkeys (D:7)
  3 orc priests
  4 iguanas
  A sleepcap (D:6)
  2 orc wizards
  4 adders
  An ufetubus (D:5)
  3 worms
  A dart slug (D:3)
  18 orcs
  6 ball pythons
  A bat zombie (D:7)
  An endoplasm (D:1)
  2 giant cockroaches
  3 goblins
  2 hobgoblins
  A jackal (D:5)
  2 quokkas
  5 bats
  4 frilled lizards
  8 kobolds
  3 rats
  A rat zombie (D:7)
103 creatures vanquished.

Vanquished Creatures (collateral kills)
  Edmund (D:5)
  A sky beast (D:7)
  A howler monkey (D:5)
  A hound (D:4)
  Ijyb (D:3)
  2 iguanas (D:4)
  2 adders
  6 worms
  A dart slug (D:3)
  3 orcs
  A bat (D:3)
  3 endoplasms
  A giant cockroach (D:4)
  3 hobgoblins
  A jackal (D:5)
  3 quokkas
  A rat (D:4)
32 creatures vanquished.

Vanquished Creatures (others)
  A wyvern (D:8)
  A centaur (D:8)
2 creatures vanquished.

Grand Total: 137 creatures vanquished

Notes
Turn   | Place    | Note
-------+----------+-------------------------------------------
     0 | D:1      | Ignak the Ogre Hedge Wizard began the quest for the Orb.
     0 | D:1      | Reached XP level 1. HP: 16/16 MP: 5/5
   131 | D:1      | Reached skill level 1 in Translocations
   360 | D:1      | Reached skill level 1 in Conjurations
   360 | D:1      | Reached skill level 1 in Summonings
   506 | D:1      | Found Wuisul's Magic Scroll Shoppe.
   610 | D:1      | Reached XP level 2. HP: 24/24 MP: 6/6
   784 | D:1      | Learned a level 2 spell: Blink
   787 | D:1      | Learned a level 2 spell: Call Imp
   857 | D:1      | Found Lietta Guheo's Book Shoppe.
  1099 | D:2      | Found a shimmering blue altar of Sif Muna.
  1431 | D:2      | Reached XP level 3. HP: 32/32 MP: 0/8
  1623 | D:2      | Reached skill level 1 in Fighting
  1954 | D:3      | Found a faded altar of an unknown god.
  1960 | D:3      | Learned a level 3 spell: Mephitic Cloud
  2015 | D:3      | Reached XP level 4. HP: 35/41 MP: 6/9
  2264 | D:3      | Noticed Ijyb
  2281 | D:3      | Killed Ijyb
  2884 | D:4      | Reached XP level 5. HP: 19/49 MP: 6/11
  2899 | D:4      | Reached skill level 2 in Fighting
  2899 | D:4      | Reached skill level 1 in Armour
  2952 | D:4      | Noticed a moth of wrath
  3026 | D:4      | Reached skill level 1 in Poison Magic
  3513 | D:4      | Found a burning altar of Makhleb.
  3513 | D:4      | Noticed a balrug
  3558 | D:4      | Found a bloodstained altar of Trog.
  3609 | D:4      | Reached skill level 1 in Air Magic
  3779 | D:5      | Entered Level 5 of the Dungeon
  3893 | D:5      | Noticed an ogre
  3926 | D:4      | HP: 1/73 [poisoned by a scorpion]
  4144 | D:4      | Noticed a smoke demon
  4144 | D:4      | Noticed a ynoxinul
  4154 | D:4      | Reached XP level 6. HP: 25/59 MP: 2/12
  4414 | D:5      | Noticed Edmund
  4694 | D:5      | Killed Edmund
  4695 | D:5      | Reached skill level 1 in Axes
  4831 | D:5      | Found a staircase to the Ecumenical Temple.
  4851 | D:5      | Reached skill level 3 in Fighting
  4856 | Temple   | Entered the Ecumenical Temple
  4952 | D:5      | Found a sparkling altar of Nemelex Xobeh.
  5343 | D:5      | Reached XP level 7. HP: 60/67 MP: 8/13
  5965 | D:1      | Bought a Young Poisoner's Handbook for 200 gold pieces
  5972 | D:1      | Learned a level 4 spell: Olgreb's Toxic Radiance
  6159 | D:6      | Found a basalt altar of Yredelemnul.
  6328 | D:6      | Found a stormy altar of Qazlal.
  6329 | D:6      | Noticed a steam dragon
  6426 | D:6      | Reached XP level 8. HP: 14/78 MP: 12/15
  6645 | D:6      | Reached skill level 4 in Fighting
  6645 | D:6      | Reached skill level 5 in Spellcasting
  6748 | D:6      | Found a shimmering altar of Xom.
  7169 | D:7      | Noticed a wyvern
  7186 | D:6      | Killed a wyvern
  7337 | D:7      | Reached skill level 5 in Fighting
  7556 | D:7      | Reached XP level 9. HP: 83/88 MP: 17/17
  7845 | D:7      | Reached skill level 5 in Poison Magic
  7942 | D:7      | Reached skill level 6 in Fighting
  8154 | D:7      | Found a hide-covered altar of Uskayaw.
  8218 | D:7      | Found an ancient bone altar of Kikubaaqudgha.
  8423 | D:8      | Found a staircase to the Lair.
  8453 | D:8      | Found a white marble altar of Elyvilon.
  8468 | D:8      | Became a worshipper of Elyvilon the Healer
  8505 | D:8      | Noticed Prince Ribbit
  8511 | D:8      | Killed Prince Ribbit
  8563 | D:8      | Reached skill level 5 in Dodging
  8573 | D:8      | Noticed a troll
  8575 | D:8      | Noticed a manticore
  8581 | D:8      | Noticed Psyche
  8583 | D:8      | Noticed a two-headed ogre
  8895 | D:7      | Noticed a rust devil
  8895 | D:7      | Noticed a rust devil
  9192 | D:8      | Reached * piety under Elyvilon
  9219 | D:8      | Found a shimmering blue altar of Sif Muna.
  9231 | D:8      | Found a runed translucent gate.
  9231 | D:8      | Noticed Querens's ghost (novice FoFi)
  9233 | D:8      | Found a runed translucent gate.
  9233 | D:8      | Identified the +2 plate armour of the Villain {MP+9}
  9234 | D:8      | Found a runed translucent gate.
  9276 | D:8      | Reached XP level 10. HP: 50/100 MP: 9/20
  9431 | D:7      | Reached skill level 7 in Fighting
  9491 | D:8      | HP: 1/102 [manticore (20)]
  9491 | D:8      | Elyvilon protects you from harm!
  9491 | D:8      | Mangled by a manticore

Illustrated notes

Levels and vault maps discovered:
D:1:      amcnicky_arrival_blooded_trapdoor, layout_loops_corners, serial_shops,
          shop_scrolls, shop
D:2:      layout_basic, basic_altar, nrook_campfire
D:3:      layout_loops_ring, basic_ecumenical_altar, minmay_misc_feat_room,
          uniq_ijyb
D:4:      layout_basic, makhleb_altar_promises_db, tgw_trog, grunt_decor_cap,
          kennysheep_another_room
D:5:      layout_loops_ring, mainiacjoe_overflow_alcove_1,
          minmay_temple_entry_drinking_statues, minmay_pentangle, uniq_edmund
D:6:      layout_loops_ring, mainiacjoe_overflow_brackets, old_standard_altar,
          amcnicky_altar_gilded
D:7:      cheibrodos_iron_armory, layout_cave_pools, old_standard_altar,
          lemuel_zombie_altar_kikubaaqudgha, minivault_25
D:8:      minmay_cornered_nines, layout_cave_pools, mainiacjoe_overflow_paths,
          ashenzari_altar_1, elyvilon_altar_1, lair_entry_dummy,
          biasface_ghost_orc_armoury, corexii_hall_statues_i, centaur_isle,
          uniq_psyche, uniq_prince_ribbit1
Temple:   hellmonk_temple_micro_hex

Skill      XL: |  1  2  3  4  5  6  7  8  9 10 |
---------------+-------------------------------+-----
Translocations | 1 2 3 |  3.1
Conjurations   | 1 2 3 |  3.0
Summonings     | 1 |  1.5
Dodging        | 2 3 4 5 |  5.2
Fighting       | 1 2 3 5 6 7 |  7.0
Spellcasting   | 4 5 6 |  6.8
Armour         | 1 |  1.1
Poison Magic   | 1 2 4 6 |  6.0
Air Magic      | 1 2 |  2.0
Axes           | 1 2 3 4 |  4.8
Stealth        | |  1.4

Action                     |  1- 3 |  4- 6 |  7- 9 | 10-12 || total
---------------------------+-------+-------+-------+-------++-------
  Melee: Dagger            |     6 |       |       |       ||     6
         Whip              |    42 |       |       |       ||    42
         Punch             |     1 |     1 |     4 |       ||     6
         Spear             |    23 |   175 |     7 |       ||   205
         War axe           |       |       |   138 |    14 ||   152
         Dire flail        |       |       |     4 |       ||     4
   Cast: Magic Dart        |    28 |     6 |       |       ||    34
         Call Imp          |    10 |    39 |    10 |       ||    59
         Mephitic Cloud    |       |    16 |    36 |     1 ||    53
         Blink             |       |    11 |     7 |       ||    18
         Olgreb's Toxic Ra |       |       |     2 |       ||     2
  Evoke: Wand              |       |     1 |     8 |       ||     9
    Use: Potion            |       |     5 |     4 |       ||     9
         Scroll            |       |     6 |     5 |       ||    11
   Stab: Sleeping          |     1 |     1 |     1 |       ||     3
         Confused          |       |     1 |     6 |       ||     7
 Armour: Robe              |    13 |    36 |     4 |       ||    53
         Skin              |       |     2 |       |       ||     2
         Steam dragon scal |       |       |    67 |     8 ||    75
  Dodge: Dodged            |    35 |    96 |   112 |     7 ||   250

Table legend: (Time is in decaauts)
 A = Elapsed time spent in this place.
 B = Non-inter-level travel time spent in this place.
 C = Inter-level travel time spent in this place.
 D = Time resting spent in this place.
 E = Time spent auto-exploring this place.
 F = Levels seen in this place.
 G = Mean time per level.
                   A        B        C        D        E       F      G
               +--------+--------+--------+--------+--------+-----+--------+
         Total |   9577 |   9220 |    357 |   2014 |   4364 |   9 | 1064.1 |
       Dungeon |   9504 |   9147 |    357 |   2014 |   4364 |   8 | 1188.0 |
        Temple |     72 |     72 |      0 |      0 |      0 |   1 |   72.0 |
               +--------+--------+--------+--------+--------+-----+--------+

Top non-repeatable levels by time:
     D:7: 1758 daAuts
     D:4: 1649 daAuts
     D:5: 1469 daAuts
     D:6: 1294 daAuts
     D:1: 1083 daAuts
     D:3: 939 daAuts
     D:2: 819 daAuts
     D:8: 490 daAuts
  Temple: 72 daAuts
